AoeStats
← JJY

Arena

508671940Analyzed
1v1 RM · 8d ago on Sep 23, 2026· 77m 22s· 2 players
Game mode
Random Map
Map size
Tiny (2 player)
Population
200
Speed
Normal
Resources
Standard
Victory
Conquest
Starting age
Dark Age
Ending age
Imperial Age
RankedLock teamsTeams togetherTeam positionsShared explorationLock speedFull tech treeHidden civsTurbo modeCheats
Victory
Defeat
🇨🇳 Britons · China
501
+13
🇺🇸 Franks · United States
426
-13
king of the cardboard castle
7:58 Loom
10:52 Feudal Age
12:07 Double-Bit Axe
22:46 Castle Age
21:08 Forging
22:10 Scale Barding Armor
22:26 Scale Mail Armor
23:12 Pikeman
24:15 Chain Barding Armor
24:56 Bow Saw
25:42 Iron Casting
25:14 Elite Skirmisher
26:26 Fletching
28:11 Wheelbarrow
29:07 Bodkin Arrow
30:00 Squires
30:05 Padded Archer Armor
30:57 Ballistics
32:06 Leather Archer Armor
33:28 Husbandry
34:31 Hand Cart
37:49 Imperial Age
35:31 Gold Mining
36:45 Chain Mail Armor
39:34 Chemistry
39:01 Cavalier
47:18 Plate Mail Armor
51:56 Paladin
58:58 Plate Barding Armor
61:16 Blast Furnace
60:14 Town Watch
JJY
3:25 Loom
11:39 Feudal Age
12:43 Horse Collar
14:07 Double-Bit Axe
19:38 Castle Age
20:48 Bow Saw
20:41 Heavy Plow
21:27 Pikeman
23:10 Stone Mining
25:16 Squires
25:21 Gold Mining
25:39 Scale Mail Armor
27:58 Wheelbarrow
32:53 Imperial Age
32:21 Gold Shaft Mining
32:11 Fletching
32:22 Padded Archer Armor
32:33 Forging
34:38 Two-Man Saw
35:30 Hand Cart
35:01 Town Watch
36:24 Halberdier
36:50 Gambesons
38:12 Conscription
38:14 Yeomen
37:16 Elite Longbowman
38:32 Hoardings
42:26 Warwolf
42:36 Bodkin Arrow
42:57 Chain Mail Armor
44:45 Bracer
45:01 Leather Archer Armor
46:24 Siege Engineers
47:19 Chemistry
46:40 Ballistics
47:42 Ring Archer Armor
47:42 Plate Mail Armor
47:48 Iron Casting
48:55 Masonry
48:56 Fortified Wall
54:05 Blast Furnace
55:02 Architecture
54:50 Cavalier
55:31 Husbandry
55:41 Scale Barding Armor
56:19 Treadmill Crane
57:00 Murder Holes
57:38 Chain Barding Armor
68:00 Plate Barding Armor
71:00 Light Cavalry
Connection lost

Rejoining the realm…

Still unreachable

The connection could not be restored.

Session expired

The server has moved on; the page needs a fresh start.